 Dungeon Crawl Stone Soup version 0.19.1-1-g22dce08 (webtiles) character file.

22399 McKennaii the Thaumaturge (level 12, -1/74 HPs)
             Began as a High Elf Air Elementalist on Jan 7, 2017.
             Was a High Priest of Sif Muna.
             Slain by a yak (13 damage)
             ... on level 2 of the Lair of Beasts.
             The game lasted 01:55:10 (14460 turns).

McKennaii the Thaumaturge (HEAE)                   Turns: 14460, Time: 01:55:11

Health: -1/74      AC: 11    Str:  7    XL:     12   Next: 62%
Magic:  14/29      EV: 16    Int: 22    God:    Sif Muna [*****.]
Gold:   797        SH:  0    Dex: 23    Spells: 10 memorised, 12 levels left

rFire  . . .     SeeInvis .     F - +4 falchion
rCold  . . .     Gourm    .     Q - +3 troll leather armour
rNeg   . . .     Faith    .     (no shield)
rPois  .         Spirit   .     (no helmet)
rElec  .         Reflect  .     O - +1 cloak
rCorr  .         Harm     .     I - +0 pair of gloves
MR     ++...                    E - +0 pair of boots
Stlth  +++.......               g - amulet of regeneration
                                y - ring of protection from magic
                                C - +4 ring of dexterity

@: repel missiles
A: no striking features
a: Divine Energy, Channel Magic, Forget Spell, Renounce Religion


You were on level 2 of the Lair of Beasts.
You worshipped Sif Muna.
Sif Muna was extremely pleased with you.
You were not hungry.

You visited 4 branches of the dungeon, and saw 17 of its levels.

You collected 1022 gold pieces.
You spent 225 gold pieces at shops.

Inventory:

Hand Weapons
 F - a +4 falchion (weapon)
Armour
 E - a +0 pair of boots (worn)
 I - a +0 pair of gloves (worn)
 O - a +1 cloak (worn)
 Q - a +3 troll leather armour (worn)
 T - the +5 plate armour "Kipniwn" {*Slow Int+3 Dex+4 Stlth+}
   (You found it on level 1 of the Lair of Beasts)

   It affects your intelligence (+3).
   It affects your dexterity (+4).
   It may slow you when you take damage.
   It makes you more stealthy.
Jewellery
 g - an amulet of regeneration (around neck)
 w - an uncursed ring of protection from fire
 y - a ring of protection from magic (right hand)
 C - a +4 ring of dexterity (left hand)
 N - a +5 ring of slaying
 R - an uncursed ring of magical power {unknown}
Wands
 J - a wand of hasting (5/9)
 M - a wand of confusion (20/48)
 U - a wand of confusion (3/48)
Scrolls
 e - 5 scrolls of remove curse
 f - 3 scrolls of enchant armour
 h - a scroll of silence {unknown}
 i - 4 scrolls of teleportation
 k - a scroll of fog
 l - a scroll of random uselessness {unknown}
 p - 5 scrolls of identify
 v - 3 scrolls of enchant weapon {unknown}
 x - 4 scrolls of magic mapping
 G - 2 scrolls of recharging
 K - 2 scrolls of blinking
 L - 3 scrolls of amnesia {unknown}
 P - 2 scrolls of acquirement {unknown}
Potions
 d - a potion of flight {unknown}
 j - a potion of resistance {unknown}
 n - 2 potions of curing
 o - 2 potions of might
 t - 4 potions of brilliance {unknown}
 u - 3 potions of degeneration {unknown}
 z - a potion of heal wounds
 A - a potion of ambrosia {unknown}
 B - 2 potions of cancellation {unknown}
 S - a potion of haste {unknown}
Books
 a - Sif Muna's Grimoire of Boosting Snow
   (Sif Muna gifted it to you on level 12 of the Dungeon)

   Spells                             Type                      Level
   a - Freeze                         Ice                          1
   b - Shroud of Golubria             Charms/Translocation         2
   c - Throw Icicle                   Conjuration/Ice              4
   d - Freezing Cloud                 Conjuration/Ice/Air          6
   e - Ring of Flames                 Charms/Fire                  7
   f - Glaciate                       Conjuration/Ice              9
 b - a book of Air

   Spells                             Type                      Level
   a - Shock                          Conjuration/Air              1
   b - Swiftness                      Charms/Air                   2
   c - Repel Missiles                 Charms/Air                   2
   d - Static Discharge               Conjuration/Air              3
   e - Lightning Bolt                 Conjuration/Air              5
 r - a book of Conjurations

   Spells                             Type                      Level
   a - Magic Dart                     Conjuration                  1
   b - Searing Ray                    Conjuration                  2
   c - Dazzling Spray                 Conjuration/Hexes            3
   d - Fulminant Prism                Conjuration/Hexes            4
   e - Iskenderun's Mystic Blast      Conjuration                  4
   f - Iskenderun's Battlesphere      Conjuration/Charms           5
 D - a book of Minor Magic

   Spells                             Type                      Level
   a - Magic Dart                     Conjuration                  1
   b - Blink                          Translocation                2
   c - Call Imp                       Summoning                    2
   d - Repel Missiles                 Charms/Air                   2
   e - Slow                           Hexes                        2
   f - Conjure Flame                  Conjuration/Fire             3
   g - Mephitic Cloud                 Conjuration/Poison/Air       3
 H - a book of Cantrips

   Spells                             Type                      Level
   a - Confusing Touch                Hexes                        1
   b - Animate Skeleton               Necromancy                   1
   c - Summon Small Mammal            Summoning                    1
   d - Apportation                    Translocation                1
Miscellaneous
 q - a disc of storms
Comestibles
 c - 8 bread rations
 m - 9 fruits
 s - 4 meat rations


   Skills:
 + Level 4.1 Fighting
   Level 0.5(4.1) Short Blades
 + Level 6.7 Long Blades
 + Level 3.1 Armour
 + Level 6.0 Dodging
 + Level 4.1 Stealth
 - Level 0.2 Unarmed Combat
 + Level 12.5 Spellcasting
 + Level 10.9 Conjurations
 + Level 1.6 Charms
 + Level 2.7 Summonings
 * Level 2.6 Ice Magic
 + Level 12.4 Air Magic


You had 12 spell levels left.
You knew the following spells:

 Your Spells              Type           Power        Failure   Level  Hunger
a - Shock                 Conj/Air       ####         1%          1    None
b - Swiftness             Chrm/Air       #####...     1%          2    None
c - Repel Missiles        Chrm/Air       #####.       1%          2    None
d - Static Discharge      Conj/Air       ######..     1%          3    None
e - Lightning Bolt        Conj/Air       ######....   1%          5    ####...
f - Blink                 Tloc           N/A          12%         2    None
g - Call Imp              Summ           ####....     4%          2    None
h - Shroud of Golubria    Chrm/Tloc      ###.......   10%         2    None
i - Freeze                Ice            ####         2%          1    None
j - Throw Icicle          Conj/Ice       #####...     6%          4    None


Dungeon Overview and Level Annotations

Branches:
Dungeon (12/15)            Temple (1/1) D:5            Lair (3/6) D:8
  Swamp (0/4) Lair:2       Spider (0/4) Lair:2          Orc (1/2) D:11

Altars:
Ashenzari
Cheibriados
Dithmenos
Elyvilon
Fedhas
Gozag
Hepliaklqana
Kikubaaqudgha
Makhleb
Nemelex Xobeh
Okawaru
Qazlal
Ru
Sif Muna
Trog
Uskayaw
Vehumet
Xom
Yredelemnul
Zin
The Shining One
Lugonu

Shops:
D:4 ::%!   D:7 [   D:9 %   D:11 *   D:12 ?

Annotations:
D:9 exclusion: statue
D:10 Crag's ghost, journeyman DEWz


Message History

Casting: Call Imp
Confirm with . or Enter, or press ? or * to list all spells.
A beastly little devil appears in a puff of flame.
The komodo dragon bites you! The yak gores you but does no damage.
The yak gores you!
Your crimson imp hits the yak.
The blink frog blinks!
Your crimson imp blinks!
The blink frog hits your crimson imp!
Your crimson imp closely misses the blink frog.
The blink frog hits your crimson imp!
Your crimson imp dies!
The komodo dragon bites you!
* * * LOW HITPOINT WARNING * * *
Your shadow imp gestures at the blink frog.
The komodo dragon resists with significant effort.
The yak barely misses you. The blink frog hits you!
* * * LOW HITPOINT WARNING * * *
The blink frog blinks!
The yak gores you!
You die...

#### ###### ## #####P.######
#.##P# ##.
#####......[....###....###..
#................#..§§.##...
##................§.§§.......
##.........5........§§§§......
##.......5.....Y....§§§§§§§....
#.....P......Yl§....§.§§.§§....
##....#.......@.......§§§§.....
#.....#................>......
#.....##.......##...#..##.#.#(
#.....#P..............P#.#.#.#
##...>...F.....................
#...###..................P##.P.
#...###............###...#####.
##...##.........###.##....# ##.
###..##.........##.####....#
#.#


You could see a komodo dragon, 2 yaks, a blink frog, a friendly crimson imp and
a friendly shadow imp.

Vanquished Creatures
  The ghost of senny the Covert, a journeyman NaFi of Cheibriados (D:11)
  Pikel (D:8)
  2 hill giants
  An orc knight (Orc:1)
  An orb spider (Lair:2)
  4 cyclopes
  A black mamba (Lair:1)
  3 spiny frogs
  2 komodo dragons
  2 trolls
  A two-headed ogre (D:12)
  14 blink frogs
  6 hippogriffs
  A spriggan (D:8)
  Sigmund (D:2)
  A wyvern (D:12)
  21 yaks
  A wraith (D:12)
  A basilisk (D:11)
  A steam dragon (D:10)
  2 soldier ants
  7 water moccasins
  10 orc warriors
  5 porcupines
  3 slaves (D:8)
  2 sky beasts
  2 black bears
  A necrophage (D:8)
  5 ice beasts
  An eye of draining (D:12)
  A centaur (D:8)
  6 crocodiles
  6 ogres
  A big kobold (D:11)
  13 bullfrogs
  5 scorpions
  10 killer bees
  2 howler monkeys (D:11)
  5 wights
  3 crimson imps
  A bullfrog zombie (D:5)
  3 orc priests
  A centaur skeleton (D:4)
  A jelly (D:11)
  9 orc wizards
  A gnoll shaman (D:10)
  3 hounds
  4 iguanas
  7 worker ants
  A killer bee zombie (D:8)
  2 hound skeletons
  A worker ant zombie (D:10)
  Robin (D:4)
  A howler monkey skeleton (D:4)
  7 gnolls
  13 adders
  3 shadow imps
  3 oozes
  2 adder skeletons
  An adder zombie (D:6)
  2 worms (D:3)
  2 dart slugs
  6 leopard geckos
  52 orcs
  11 bats
  2 giant cockroaches
  13 goblins
  11 hobgoblins
  5 jackals (D:8)
  7 kobolds
  5 quokkas
  2 ball pythons (D:1)
  3 frilled lizards
  2 leopard gecko zombies
  A quokka skeleton (D:5)
  12 rats
  A fungus (D:8)
  A plant (D:8)
359 creatures vanquished.

Vanquished Creatures (collateral kills)
  A blink frog (Lair:2)
  A sky beast (D:6)
  A crocodile (Lair:1)
  A jelly (D:11)
4 creatures vanquished.

Vanquished Creatures (others)
  An unseen horror (D:10)
  A slave (D:8)
  A bullfrog (D:8)
  A wight (D:10)
  A gnoll (D:8)
  An orc (D:8)
  3 rats (D:8)
  17 fungi (D:8)
  6 plants (D:8)
32 creatures vanquished.

Grand Total: 395 creatures vanquished

Notes
Turn   | Place    | Note
-------+----------+-------------------------------------------
     0 | D:1      | McKennaii the High Elf Air Elementalist began the quest for the Orb.
     0 | D:1      | Reached XP level 1. HP: 11/11 MP: 4/4
    80 | D:1      | Reached XP level 2. HP: 11/17 MP: 0/6
    84 | D:1      | Learned a level 2 spell: Swiftness
    87 | D:1      | Learned a level 2 spell: Repel Missiles
   279 | D:1      | Reached XP level 3. HP: 15/21 MP: 0/7
   821 | D:2      | Noticed Sigmund
   846 | D:2      | Killed Sigmund
   846 | D:2      | Reached skill level 5 in Air Magic
   846 | D:2      | Reached XP level 4. HP: 20/27 MP: 1/10
   846 | D:2      | Reached XP level 5. HP: 24/32 MP: 1/11
  1130 | D:2      | Noticed an air elemental
  1132 | D:2      | Found a stormy altar of Qazlal.
  1133 | D:2      | Noticed a fire elemental
  1133 | D:2      | Noticed a water elemental
  1292 | D:3      | Learned a level 3 spell: Static Discharge
  1432 | D:3      | Found a blossoming altar of Fedhas.
  1555 | D:3      | Reached XP level 6. HP: 37/37 MP: 11/13
  1562 | D:3      | Found a sacrificial altar of Ru.
  1849 | D:4      | Found Cucun's Distillery.
  1854 | D:4      | Bought a potion of mutation for 25 gold pieces
  1854 | D:4      | Bought a potion of lignification for 30 gold pieces
  1854 | D:4      | Bought a potion of heal wounds for 50 gold pieces
  1937 | D:4      | Found an iron altar of Okawaru.
  1995 | D:4      | Found Mekh's Book Shop.
  2086 | D:4      | Found a white marble altar of Elyvilon.
  2086 | D:4      | Found a sacrificial altar of Ru.
  2331 | D:4      | Found Zioroah's Food Shoppe.
  2487 | D:4      | Noticed Robin
  2494 | D:4      | Killed Robin
  2504 | D:4      | Reached skill level 1 in Fighting
  2678 | D:4      | Found Ofoe's Book Boutique.
  2890 | D:5      | Entered Level 5 of the Dungeon
  2890 | D:5      | Noticed a sky beast
  3121 | D:5      | Found a staircase to the Ecumenical Temple.
  3126 | D:5      | Reached skill level 5 in Spellcasting
  3126 | D:5      | Reached XP level 7. HP: 37/43 MP: 10/15
  3132 | Temple   | Entered the Ecumenical Temple
  3675 | D:5      | Found a shimmering altar of Xom.
  3675 | D:5      | Found a basalt altar of Yredelemnul.
  4056 | D:6      | Learned a level 5 spell: Lightning Bolt
  4136 | D:6      | Learned a level 2 spell: Blink
  4139 | D:6      | Learned a level 2 spell: Call Imp
  4261 | D:6      | Reached skill level 5 in Conjurations
  4312 | D:6      | Reached XP level 8. HP: 48/48 MP: 11/18
  4472 | D:6      | Found a deep blue altar of Sif Muna.
  4477 | D:6      | Became a worshipper of Sif Muna the Loreminder
  5439 | D:7      | Reached * piety under Sif Muna
  5439 | D:7      | Reached skill level 1 in Long Blades
  5591 | D:7      | Found a hazy altar of Hepliaklqana.
  5643 | D:7      | Found Ytosuox's Armour Boutique.
  5698 | D:7      | Reached XP level 9. HP: 29/53 MP: 15/22
  5911 | D:8      | Noticed Pikel
  5952 | D:8      | Killed Pikel
  6016 | D:8      | Reached ** piety under Sif Muna
  6273 | D:8      | Found an ancient bone altar of Kikubaaqudgha.
  6370 | D:8      | Found a bloodstained altar of Trog.
  6454 | D:8      | Found a sparkling altar of Nemelex Xobeh.
  6464 | D:8      | Reached skill level 1 in Charms
  6593 | D:8      | Reached XP level 10. HP: 60/60 MP: 0/24
  6622 | D:8      | Found a staircase to the Lair.
  7443 | D:9      | Found an opulent altar of Gozag.
  7482 | D:9      | Reached *** piety under Sif Muna
  7484 | D:9      | Reached skill level 10 in Air Magic
  7550 | D:9      | Reached skill level 10 in Spellcasting
  7625 | D:9      | Found a radiant altar of Vehumet.
  7710 | D:9      | Found Neacidy's Food Shop.
  7869 | D:9      | Found an iron altar of Okawaru.
  7871 | D:9      | Found a glowing silver altar of Zin.
  8227 | D:10     | Entered Level 10 of the Dungeon
  8799 | D:10     | Noticed Crag's ghost (journeyman DEWz)
  9599 | D:11     | Found Tasoem's Assorted Antiques.
  9649 | D:11     | Noticed a hill giant
  9652 | D:11     | Reached **** piety under Sif Muna
  9669 | D:11     | Noticed a cyclops
  9710 | D:11     | Killed a cyclops
  9712 | D:11     | Killed a hill giant
  9803 | D:11     | Noticed senny's ghost (journeyman NaFi)
  9812 | D:11     | Reached XP level 11. HP: 66/66 MP: 10/26
  9816 | D:11     | Killed senny's ghost
 10045 | D:11     | Reached skill level 1 in Armour
 10045 | D:11     | Reached skill level 5 in Dodging
 10079 | D:12     | Found Saxt's Magic Scroll Shop.
 10198 | D:12     | Bought a scroll of immolation for 38 gold pieces
 10198 | D:12     | Bought a scroll of blinking for 82 gold pieces
 10259 | D:12     | Reached skill level 1 in Summonings
 10478 | D:11     | Found a staircase to the Orcish Mines.
 10726 | D:12     | Noticed a white ugly thing
 10729 | D:12     | Noticed a red ugly thing
 10737 | Orc:1    | Entered Level 1 of the Orcish Mines
 10739 | Orc:1    | Noticed an orc knight
 10744 | Orc:1    | Noticed an orc knight
 10749 | Orc:1    | Killed an orc knight
 10749 | Orc:1    | Reached skill level 5 in Long Blades
 10962 | D:11     | Reached ***** piety under Sif Muna
 11207 | D:12     | Identified Sif Muna's Grimoire of Boosting Snow (Sif Muna gifted it to you on level 12 of the Dungeon)
 11207 | D:12     | Received a gift from Sif Muna
 11222 | D:12     | Learned a level 2 spell: Shroud of Golubria
 11224 | D:12     | Learned a level 1 spell: Freeze
 11229 | D:12     | Learned a level 4 spell: Throw Icicle
 11344 | D:12     | Noticed a hill giant
 11433 | D:12     | Reached skill level 10 in Conjurations
 11488 | D:12     | Noticed a brown ugly thing
 11513 | D:12     | Killed a hill giant
 11633 | D:12     | Noticed a red ugly thing
 12411 | D:10     | Killed an unseen horror
 12633 | Lair:1   | Entered Level 1 of the Lair of Beasts
 12714 | Lair:1   | Got an aquamarine-encrusted plate armour
 12725 | Lair:1   | Identified the +5 plate armour "Kipniwn" {*Slow Int+3 Dex+4 Stlth+} (You found it on level 1 of the Lair of Beasts)
 12768 | Lair:1   | Reached XP level 12. HP: 27/72 MP: 15/28
 13430 | Lair:2   | Found a hole to the Spider Nest.
 13486 | Lair:2   | Reached skill level 1 in Ice Magic
 13624 | Lair:2   | Found a staircase to the Swamp.
 14351 | Lair:3   | Identified Sif Muna's Catalogue of Noxious Confrontation (Sif Muna gifted it to you on level 3 of the Lair of Beasts)
 14351 | Lair:3   | Received a gift from Sif Muna
 14460 | Lair:2   | Slain by a yak

Skill      XL: |  1  2  3  4  5  6  7  8  9 10 11 12 |
---------------+-------------------------------------+-----
Air Magic      | 4 5 6 8 9 10 11 12 | 12.4
Spellcasting   | 3 4 5 6 8 9 10 11 12 | 12.5
Conjurations   | 2 3 4 5 6 7 9 10 | 10.9
Fighting       | 1 2 3 4 |  4.1
Dodging        | 3 4 5 6 |  6.0
Stealth        | 3 4 |  4.1
Long Blades    | 1 2 4 5 6 |  6.7
Charms         | 1 |  1.6
Armour         | 2 3 |  3.1
Summonings     | 2 |  2.7
Ice Magic      | 2 |  2.6
Short Blades   | |  0.5
Unarmed Combat | |  0.2

Action                   |  1- 3 |  4- 6 |  7- 9 | 10-12 || total
-------------------------+-------+-------+-------+-------++-------
Melee: Unarmed           |    24 |     7 |       |       ||    31
       Dagger            |       |       |    14 |       ||    14
       Great sword       |       |       |     4 |       ||     4
       Falchion          |       |       |    15 |   262 ||   277
 Cast: Shock             |    62 |   107 |   305 |   629 ||  1103
       Call Imp          |       |       |     3 |    52 ||    55
       Lightning Bolt    |       |       |     5 |    37 ||    42
       Repel Missiles    |       |       |     1 |     5 ||     6
       Throw Icicle      |       |       |       |     9 ||     9
       Shroud of Golubri |       |       |       |     1 ||     1
Evoke: Wand              |       |       |       |     1 ||     1
  Use: Scroll            |       |     1 |       |    16 ||    17
       Potion            |       |       |       |     6 ||     6
 Stab: Sleeping          |       |       |       |     1 ||     1
  Eat: Pizza             |       |     2 |       |     2 ||     4
       Fruit             |       |     1 |     3 |     4 ||     8
       Bread ration      |       |     1 |     1 |     3 ||     5
       Meat ration       |       |       |     1 |     1 ||     2
       Beef jerky        |       |       |       |     3 ||     3
       Royal jelly       |       |       |       |     1 ||     1
Armor: Robe              |     3 |     6 |    25 |    20 ||    54
       Troll leather arm |       |       |       |   110 ||   110
Dodge: Dodged            |    33 |    17 |   103 |   436 ||   589
       Deflected         |       |       |     1 |     8 ||     9
       Rpst.: Falchion   |       |       |    13 |   132 ||   145
